 Dungeon Crawl Stone Soup version 0.17-a0-2122-g03d97ec (webtiles) character file.

74 sqwarecircle the Skirmisher (level 4, 0/41 HPs)
             Began as a Hill Orc Fighter on Oct 21, 2015.
             Slain by Grinder (7 damage)
             ... while paralysed by Grinder
             ... on level 3 of the Dungeon.
             The game lasted 00:14:24 (2471 turns).

sqwarecircle the Skirmisher (Hill Orc Fighter)      Turns: 2471, Time: 00:14:24

Health: 0/41       AC:  9    Str: 24    XL:     4   Next: 30%
Magic:  4/4        EV:  2    Int:  8    God:
Gold:   139        SH:  0    Dex: 10    Spells: 0 memorised, 3 levels left

rFire  . . .     SeeInvis .     a - +0 long sword
rCold  . . .     Clarity  +     b - +0 scale mail
rNeg   . . .     SustAt   .     c - +0 shield
rPois  .         Gourm    .     (no helmet)
rElec  .         Spirit   .     (no cloak)
rCorr  .         Warding  .     f - +1 pair of gloves
rMut   .         Stasis   .     (no boots)
MR     .....                    i - amulet of clarity
Stlth  +.........               k - ring of wizardry
                                j - ring of stealth

@: paralysed, mighty, not resistant to hostile enchantments, very unstealthy
A: no striking features
a: no special abilities


You were on level 3 of the Dungeon.
You were hungry.

You visited 1 branch of the dungeon, and saw 3 of its levels.

You collected 139 gold pieces.

Inventory:

Hand Weapons
 a - a +0 long sword (weapon)
 q - a +2 short sword of venom
Missiles
 g - 41 stones (quivered)
 s - 4 tomahawks
 t - 14 bolts
Armour
 b - a +0 scale mail (worn)
 c - a +0 shield (worn)
 f - a +1 pair of gloves (worn)
Jewellery
 i - an amulet of clarity (around neck)
 j - a ring of stealth (left hand)
 k - a ring of wizardry (right hand)
 m - an uncursed amulet of resist corrosion {unknown}
Potions
 d - 2 potions of cure mutation {unknown}
 h - a potion of magic {unknown}
 l - 2 potions of ambrosia {unknown}
 p - a potion of agility {unknown}
 r - a potion of curing {unknown}
Comestibles
 e - 2 bread rations
 o - 4 fruits


   Skills:
 + Level 4.5 Fighting
 * Level 3.0 Long Blades
 + Level 3.7 Armour
 - Level 0.1 Dodging
 + Level 4.0 Shields


You had 3 spell levels left.
You didn't know any spells.

Dungeon Overview and Level Annotations

Branches:
Dungeon (3/15)

Altars:
The Shining One

Annotations:
D:3 Grinder


Message History

Grinder is heavily wounded.
Grinder hits you.
* * * LOW HITPOINT WARNING * * *
You writhe in agony.
* * * LOW HITPOINT WARNING * * *
Grinder hits you but does no damage.
Read which item? (? for menu, Esc to quit)
As you read the scroll of fear, it crumbles to dust.
You assume a fearsome visage.
Grinder is unaffected.
You block Grinder's attack.
You slash Grinder!
Grinder is severely wounded.
Grinder hits you but does no damage.
You are feeling hungry.
You slash Grinder!
Grinder is almost dead.
Grinder gestures at you.
You suddenly lose the ability to move!
Grinder hits you!
You die...

.....$.... #.
........ ..
....... ##.#
...#.## .#.###
#....###.....##
#.#<...........
###.....†.†......
##<)....@5........
#.÷...............
#.................
#.................
##................
#####....).......
#.>..).....8.
#.........8.8
#....%...8._?


You could see Grinder.

Vanquished Creatures
  2 adders (D:2)
  An ooze (D:2)
  8 bats
  4 giant cockroaches
  7 hobgoblins
  4 jackals (D:2)
  A quokka (D:2)
  A giant gecko (D:2)
  5 giant newts
  7 goblins
  4 kobolds
  11 rats
55 creatures vanquished.

Notes
Turn   | Place    | Note
--------------------------------------------------------------
     0 | D:1      | sqwarecircle the Hill Orc Fighter began the quest for the Orb.
     0 | D:1      | Reached XP level 1. HP: 19/19 MP: 1/1
   371 | D:1      | Reached XP level 2. HP: 25/27 MP: 2/2
   532 | D:1      | Reached skill level 4 in Fighting
  1176 | D:2      | Reached XP level 3. HP: 30/33 MP: 3/3
  1602 | D:2      | Found a glowing golden altar of the Shining One.
  1686 | D:2      | Reached XP level 4. HP: 37/41 MP: 4/4
  2111 | D:3      | Found a faded altar to an unknown god.
  2119 | D:3      | Noticed Grinder
  2470 | D:3      | Paralysed by Grinder for 3 turns
  2471 | D:3      | Slain by Grinder

Vault maps used:
D:1:      scummos_arrival_simple_fountains, hex_large, serial_park_tiny_2
D:2:      tso_altar
D:3:      ecumenical_altar_2, first_bread, uniq_grinder

Action                   |  1- 3 |  4- 6 || total
-------------------------+-------+-------++-------
Melee: Long sword        |   193 |    50 ||   243
  Use: Scroll            |     5 |     1 ||     6
       Potion            |       |     1 ||     1
  Eat: Chunk             |     2 |       ||     2
       Beef jerky        |       |     2 ||     2
